 Dungeon Crawl Stone Soup version 0.20.0-14-g326068f (webtiles) character file.

219 CODWOMAN the Slasher (level 5, 0/41 HPs)
             Began as a Demonspawn Berserker on June 8, 2017.
             Was a Priest of Trog.
             Slain by Sigmund
             ... wielding a +0 scythe
              (2 damage)
             ... on level 4 of the Dungeon.
             The game lasted 00:25:00 (3091 turns).

CODWOMAN the Slasher (Demonspawn Berserker)         Turns: 3091, Time: 00:25:00

Health: 0/41       AC: 12    Str: 17    XL:     5   Next: 64%
Magic:  5/5        EV:  5    Int:  8    God:    Trog [***...]
Gold:   135        SH:  0    Dex: 14    Spells: 4/4 levels left

rFire    . . .     SeeInvis .   a - +0 falchion
rCold    . . .     Gourm    .   i - +0 shield
rNeg     . . .     Faith    .   U - +0 chain mail
rPois    +         Spirit   .   (helmet restricted)
rElec    .         Reflect  .   (no cloak)
rCorr    .         Harm     .   (no gloves)
MR       .....                  P - +0 pair of boots
Stlth    ..........             (no amulet)
Regen    0.2/turn               W - ring of poison resistance
MPRegen  0.1/turn               (no ring)

@: confused
A: antennae 1, molten scales 1
a: Berserk, Trog's Hand, Burn Spellbooks, Renounce Religion


You were on level 4 of the Dungeon.
You worshipped Trog.
Trog was most pleased with you.
You were not hungry.

You visited 1 branch of the dungeon, and saw 4 of its levels.

You collected 135 gold pieces.

Inventory:

Hand Weapons
 a - a +0 falchion (weapon)
 m - a +0 hand axe
 v - a +0 spear
 x - a +0 dagger of distortion
 A - a +0 club
 F - a +0 club
 G - a cursed -1 hunting sling
 L - a +0 short sword
 N - a +0 club
 T - a +0 flail
Missiles
 e - 5 javelins
 f - 204 stones (quivered)
 u - 36 poisoned needles
 w - 25 arrows
 D - 25 sling bullets
 I - 24 bolts
 O - 3 tomahawks
Armour
 b - a +0 animal skin
 d - a +0 ring mail
 h - a +0 leather armour
 i - a +0 shield (worn)
 n - a +0 robe
 s - a +0 ring mail
 y - a +0 animal skin
 z - a +0 helmet
 H - a +0 robe
 J - a +0 robe
 M - a +0 ring mail
 P - a +0 pair of boots (worn)
 U - a +0 chain mail (worn)
 V - a +0 leather armour of cold resistance
Jewellery
 W - a ring of poison resistance (left hand)
Wands
 k - a wand of enslavement (7/24)
Scrolls
 l - 2 scrolls of teleportation {unknown}
 o - 4 scrolls of identify {unknown}
 p - 2 scrolls of amnesia {unknown}
 q - 3 scrolls of fog {unknown}
 t - 3 scrolls of fear {unknown}
 B - a scroll of enchant weapon {unknown}
 C - a scroll of remove curse {unknown}
 E - 2 scrolls of magic mapping {unknown}
 S - a scroll of enchant armour {unknown}
Potions
 j - a potion of curing
 r - 2 potions of haste
 K - a potion of flight {unknown}
 Q - a potion of magic
 R - a potion of degeneration {unknown}
Comestibles
 c - 2 bread rations


   Skills:
 + Level 3.4 Fighting
 + Level 4.0 Long Blades
 + Level 0.5 Axes
 + Level 0.6 Throwing
 + Level 2.5 Armour
 - Level 1.7 Dodging
 * Level 2.7 Shields


You had 4 spell levels left.
You didn't know any spells.

Dungeon Overview and Level Annotations

Branches:
Dungeon (4/15)
 Temple: D:4-7

Altars:
Fedhas
Uskayaw
Zin

Annotations:
D:4 Sigmund


Innate Abilities, Weirdness & Mutations

You have a pair of small antennae on your head.
You are partially covered in molten scales. (AC +2)


Message History

You hear some strange, mumbled words.
You are more confused.
You're too confused to move!
Something hits you.
* * * LOW HITPOINT WARNING * * *
You bump into the rock wall.
You bump into the rock wall.
You hear some strange, mumbled words.
A puff of flame appears from out of thin air!
The puff of flame hits you!
* * * LOW HITPOINT WARNING * * *
You bump into the rock wall.
Something hits you.
* * * LOW HITPOINT WARNING * * *
Your shield and chain mail prevent you from hitting something.
You hear some strange, mumbled words.
You are more confused.
You hit something. Something hits you but does no damage.
You closely miss something. Something hits you but does no damage.
You completely miss something.
You bump into the rock wall.
Something hits you.
You die...

######.#.##........#
.........##.###.####
######.####. #.# #.#
#. #.# ######.# #.
#.# .......# #.#
######## #.## #..#
##@# #{# #[# . ...
#.# #.# ..# ###


There were no monsters in sight!

Vanquished Creatures
  A hound (D:3)
  Robin (D:2)
  8 adders
  2 worms (D:3)
  5 dart slugs
  2 leopard geckos (D:3)
  5 orcs (D:3)
  6 bats
  2 giant cockroaches
  13 goblins
  15 hobgoblins
  A quokka (D:3)
  6 ball pythons
  2 frilled lizards
  9 kobolds
  5 rats
  3 plants (D:2)
86 creatures vanquished.

Vanquished Creatures (others)
  A bush (D:2)
1 creature vanquished.

Grand Total: 87 creatures vanquished

Notes
Turn   | Place    | Note
-------+----------+-------------------------------------------
     0 | D:1      | CODWOMAN the Demonspawn Berserker began the quest for the Orb.
     0 | D:1      | Reached XP level 1. HP: 18/18 MP: 1/1
   247 | D:1      | Gained mutation: You have a pair of small antennae on your head. [demonic ancestry]
   247 | D:1      | Reached XP level 2. HP: 21/24 MP: 2/2
   359 | D:1      | Reached skill level 3 in Long Blades
   711 | D:2      | Noticed Robin
   713 | D:2      | Reached skill level 1 in Shields
   717 | D:2      | Reached ** piety under Trog
   723 | D:2      | Killed Robin
   723 | D:2      | Reached XP level 3. HP: 29/29 MP: 3/3
   872 | D:2      | Found a blossoming altar of Fedhas.
   872 | D:2      | Found a glowing silver altar of Zin.
   872 | D:2      | Found a hide-covered altar of Uskayaw.
  1086 | D:2      | Reached XP level 4. HP: 9/35 MP: 4/4
  2312 | D:3      | Gained mutation: You are partially covered in molten scales. (AC +2) [demonic ancestry]
  2312 | D:3      | Reached XP level 5. HP: 24/41 MP: 5/5
  2675 | D:3      | Reached *** piety under Trog
  2744 | D:3      | Reached skill level 4 in Long Blades
  3059 | D:4      | Noticed Sigmund
  3085 | D:4      | HP: 2/41 [something/puff of flame (10)]
  3091 | D:4      | Slain by Sigmund

Skill      XL: |  1  2  3  4  5 |
---------------+----------------+-----
Long Blades    | 3 4 |  4.0
Shields        | 1 2 |  2.7
Armour         | 2 |  2.5
Fighting       | |  3.4
Axes           | |  0.5
Throwing       | |  0.6
Dodging        | |  1.7

Action                   |  1- 3 |  4- 6 || total
-------------------------+-------+-------++-------
Melee: Falchion          |    77 |   366 ||   443
       Hand axe          |    52 |       ||    52
Throw: Stone             |    25 |       ||    25
Invok: Berserk           |     1 |     1 ||     2
  Use: Potion            |     2 |       ||     2
  Eat: Chunk             |     2 |     8 ||    10
Armor: Ring mail         |    44 |    52 ||    96
       Chain mail        |       |    14 ||    14
Dodge: Dodged            |    41 |    62 ||   103
Block: Shield            |    56 |    91 ||   147
       Rpst.: Falchion   |     8 |    20 ||    28
